[Event "Championnat d'Europe de Blitz"]
[Date "2024.12.09"]
[White "Livaic, Leon"]
[Black "Stangl, Anita, Dr."]
[WhiteElo "2560"]
[BlackElo "2027"]
[Round "1.33"]
[Result "1-0"]
[TimeControl "180+2"]

1. d4 e6 2. c4 d5 3. Nf3 c6 4. Nbd2 f5 5. e3 Bd6 6. Be2 Nd7 7. O-O Ngf6 8. Rb1 O-O 9. b4 Ne4 10. Qc2 g5 11. c5 Bb8 12. Bb2 Qe7 13. Ne5 Nxe5 14. dxe5 Qg7 15. f4 Bd7 16. Bd4 Be8 17. b5 g4 18. Nxe4 fxe4 19. Rb3 Bc7 20. Rfb1 Bd8 21. bxc6 Bxc6 22. Bb5 g3 23. h3 a6 24. Bxc6 bxc6 25. R3b2 Ba5 26. Qa4 Qc7 27. Rb7 Qd8 28. Qxc6 Re8 29. Rd7 Qc8 30. Qb7 Qxb7 31. Rbxb7 Bd2 32.
c6 Rec8 33.
Rg7+ Kf8 34. Bc5+ 1-0

[Site "Europe Echecs"]

[Event "Championnat d'Europe de Blitz"]
[Date "2024.12.09"]
[White "Masha, Rexhep"]
[Black "Beerdsen, Thomas"]
[WhiteElo "1909"]
[BlackElo "2502"]
[Round "1.34"]
[Result "0-1"]
[TimeControl "180+2"]

1. e4 e5 2.
Nf3 Nc6 3.
Bb5 f5 4. Nc3 fxe4 5. Nxe4 Nf6 6. d3 d5 7. Nxf6+ Qxf6 8. Bg5 Qf5 9. O-O Bd6 10. Bh4 O-O 11. Bg3 Bd7 12. c4 a6 13. Bxc6 Bxc6 14. Nh4 Qe6 15. Qc2 dxc4 16. dxc4 g5 17. Nf3 Rxf3 18. gxf3 Bxf3 19. Qd3 Rf8 20. Rfe1 Bc6 21. c5 Rf3 22. Qf1 Bxc5 23. Rxe5 Rxg3+ 24. hxg3 Qxe5 25. Re1 Qxg3+ 0-1

[Site "Europe Echecs"]

[Event "Championnat d'Europe de Blitz"]
[Date "2024.12.09"]
[White "Saric, Ante"]
[Black "Stojkoski, Acko"]
[WhiteElo "2482"]
[BlackElo "2030"]
[Round "1.35"]
[Result "1-0"]
[TimeControl "180+2"]

1. Nf3 d5 2. g3 Nf6 3. Bg2 c6 4. O-O g6 5. b3 Bg7 6.
Bb2 O-O 7. c4 e6 8. d4 Nbd7 9. Nc3 Re8 10. Qc2 Nf8 11. e4 Nxe4 12. Nxe4 dxe4 13. Qxe4 Nd7 14. Rad1 Nf6 15. Qc2 Qc7 16. Bc1 Nh5 17. Rfe1 Rd8 18. Bg5 Bf6 19. h4 Bd7 20. Ne5 Be8 21. c5 Qe7 22. Qc1 Bxg5 23. hxg5 Rac8 24. Be4 f6 25. gxf6 Nxf6 26. Bf3 Nd7 27. Nc4 Rc7 28. Bg4 Nf8 29. Qe3 Bf7 30. Nd6 Rxd6 31. cxd6 Qxd6 32. Qe5 Rd7 33. Kg2 Qxe5 34. dxe5 Rd5 35. Bf3 Ra5 36. Re2 Kg7 37. Rd8 h5 38. a4 Rc5 39. Rb8 b6 1-0

[Site "Europe Echecs"]

[Event "Championnat d'Europe de Blitz"]
[Date "2024.12.09"]
[White "Karaivanova, Petya"]
[Black "Janik, Igor"]
[WhiteElo "1939"]
[BlackElo "2515"]
[Round "1.36"]
[Result "0-1"]
[TimeControl "180+2"]

1. e4 c6 2. d4 d5 3. e5 c5 4. Nf3 Bg4 5. dxc5 e6 6. Be3 Ne7 7. c3 Nd7 8. Bb5 Nc6 9. Bd4 Bxf3 10. Qxf3 Bxc5 11.
Bxc6 bxc6 12. Nd2 Bxd4 13. cxd4 Qb6 14. Nb3 a5 15. O-O a4 16. Nd2 Qxd4 17. Rfd1 O-O 18. Rac1 Qxb2 0-1

[Site "Europe Echecs"]

[Event "Championnat d'Europe de Blitz"]
[Date "2024.12.09"]
[White "Georgiev, Kiril"]
[Black "Chuchukova, Stefani"]
[WhiteElo "2537"]
[BlackElo "1868"]
[Round "1.37"]
[Result "1-0"]
[TimeControl "180+2"]

1. c4 Nf6 2.
Nc3 e6 3. e4 d5 4. e5 d4 5. exf6 dxc3 6. bxc3 gxf6 7. d4 c5 8. d5 Bg7 9. Nf3 Qe7 10. Be2 f5 11. O-O Bxc3 12. Rb1 Rg8 13. Rb3 Bf6 14. Re1 Nd7 15. Bf1 Nb6 16. d6 Qd8 17. Bf4 Bd7 18. Qd2 Rg6 19. Qa5 Bc6 20. Qxc5 Bxf3 21.
Rxf3 Rc8 22.
Qxf5 Nxc4 23. Qb5+ Kf8 24. Bxc4 a6 25. Qb3 b5 26. Bf1 Kg8 27. Rg3 Kh8 28. Rxg6 hxg6 29. Qe3 Rc6 30. Rd1 Kg7 31. Be5 Rc8 32. d7 Ra8 33. Bxf6+ Kxf6 34. Qd4+ Ke7 35. Qd6+ Kf6 36. g3 Kg7 37. h4 Rb8 38. Qxb8 1-0

[Site "Europe Echecs"]

[Event "Championnat d'Europe de Blitz"]
[Date "2024.12.09"]
[White "Hrisomalis, Theodoros"]
[Black "Pichot, Alan"]
[WhiteElo "2154"]
[BlackElo "2637"]
[Round "1.38"]
[Result "0-1"]
[TimeControl "180+2"]

1. e4 c5 2.
Nf3 d6 3. c3 Nf6 4. h3 Bd7 5. Bd3 Bc6 6. Qe2 e5 7. Bc2 Be7 8. O-O O-O 9. Re1 b5 10. d4 Qc7 11. Nbd2 cxd4 12. cxd4 Bb7 13. Nf1 Nc6 14. d5 Nb4 15. Bb3 a5 16. a3 Na6 17. Ng3 Nc5 18. Bc2 b4 19. Bg5 Ba6 20. Qe3 b3 21. Bb1 Rfe8 22. Rc1 Kh8 23. Ne1 Rac8 24. Nd3 Bxd3 25. Bxd3 g6 26. Bb5 Red8 27. Qf3 Nxd5 28. Bxe7 Nxe7 29. Qxf7 Rf8 30. Qc4 Qb7 31. Qe2 Ne6 32. Rxc8 Qxc8 33. Bd3 Nf4 34. Qe3 Qc5 35. Qxc5 dxc5 36. Bc4 a4 37. Bb5 Ne6 38. Bxa4 Nd4 39. Bd7 Rd8 40. Bg4 Nec6 41. Rc1 Nc2 42. Bd1 N6d4 43. Ne2 c4 44. Bxc2 Nxe2+ 45. Kh2 Nxc1 46. Bxb3 cxb3 47. Kg3 Nd3 48. Kg4 Nxb2 49. f4 exf4 50. Kxf4 Nc4 0-1

[Site "Europe Echecs"]

[Event "Championnat d'Europe de Blitz"]
[Date "2024.12.09"]
[White "Dvirnyy, Danyyil"]
[Black "Kotnik, Simon"]
[WhiteElo "2491"]
[BlackElo "1950"]
[Round "1.39"]
[Result "1-0"]
[TimeControl "180+2"]

1. e4 c5 2.
Nf3 d6 3. d4 cxd4 4. Nxd4 Nf6 5. Nc3 a6 6. Bd3 b5 7. O-O Bb7 8. Re1 e6 9. Bg5 Be7 10. Qf3 Nbd7 11. Qh3 Ne5 12. Bf1 O-O 13. Rad1 Qb6 14. Be3 Qc7 15. f3 Rac8 16. Bd3 Nxd3 17.
cxd3 d5 18.
Rc1 Qd7 19.
Nb3 b4 20.
Ne2 Qa4 21. Bc5 Bxc5+ 22. Nxc5 Qb5 23. Nxb7 Qxb7 24. Qh4 Qb5 25. e5 Nd7 26. Qd4 a5 27. h4 Qb6 28. f4 Qxd4+ 29.
Nxd4 Nc5 30. Rcd1 Na4 31. Rd2 Rc7 32. h5 Rfc8 33. Kf2 h6 34. Nb3 Rc2 35. Ree2 Rxd2 36. Rxd2 Nc5 37. Nd4 a4 38. Ke3 a3 39. Rc2 Rc7 40. bxa3 bxa3 41. Rc3 Na6 42. Rxc7 Nxc7 43. Kd2 Kf8 44. Kc3 Ke7 45. Nc2 f6 46. Nxa3 fxe5 47. fxe5 Na6 48. d4 Nc7 49. Kb4 Kd7 50. Nb5 Na6+ 1-0

[Site "Europe Echecs"]

[Event "Championnat d'Europe de Blitz"]
[Date "2024.12.09"]
[White "Minas, Ioannis"]
[Black "Subelj, Jan"]
[WhiteElo "1987"]
[BlackElo "2526"]
[Round "1.40"]
[Result "0-1"]
[TimeControl "180+2"]

1. e4 c6 2.
c4 e6 3. Nc3 Bb4 4. a3 Bxc3 5. dxc3 c5 6. Bf4 Nc6 7. Qg4 Qf6 8. O-O-O e5 9. Bg5 Qg6 10. Qg3 h6 11. Be3 Qxg3 12. hxg3 b6 13. b4 Nf6 14. f3 Bb7 15. g4 Ke7 16. Ne2 d6 17. Ng3 Bc8 18. Kb2 Be6 19. Nf5+ Bxf5 20. gxf5 a5 21. b5 Nb8 22. Rd2 Nbd7 23. Be2 Rad8 24. Rhd1 Ne8 25. f4 f6 26. Bh5 exf4 27. Bxf4 Ne5 28. Bxe5 fxe5 29. Bxe8 Rhxe8 30. Rh1 Kf6 31. Rd3 Rd7 32. Rg3 Rf8 33. Rd1 g5 34. fxg6 Kg7 35. Rgd3 Rf6 36. R1d2 Rxg6 37. Kc2 Kf7 38. Kd1 Ke7 39. Ke1 Rd8 40.
Kf1 Rf8+ 41.
Kg1 Rf4 42. Re3 Rgg4 43. Rde2 h5 44. Kh2 Rf1 45. Rf3 Rh4+ 46. Kg3 Rg4+ 47. Kh2 Ra1 48. Ref2 Rg7 49. Rf5 Rxa3 50. Rxh5 Rxc3 51. Rh8 Rf7 52. Rxf7+ Kxf7 0-1

[Site "Europe Echecs"]

[Event "Championnat d'Europe de Blitz"]
[Date "2024.12.09"]
[White "Laurusas, Tomas"]
[Black "Kontos, Nikolaos"]
[WhiteElo "2578"]
[BlackElo "1751"]
[Round "1.41"]
[Result "0-1"]
[TimeControl "180+2"]

1. c4 c6 2. Nf3 d5 3. g3 Nf6 4. Bg2 e6 5. b3 Be7 6. O-O O-O 7. Bb2 b6 8. d3 Bb7 9. Nbd2 c5 10. e3 Nc6 11. Qe2 Qc7 12. Rac1 Rad8 13. a3 Qb8 14. Rfd1 Rd7 15. cxd5 Nxd5 16. d4 cxd4 17. Nxd4 Nxd4 18.
exd4 Nf6 19.
Nf3 Bxf3 20.
Bxf3 Nd5 21.
h4 Bf6 22.
h5 h6 23.
Be4 Rc8 24.
Rc4 Ne7 25.
Bb1 Rxc4 26.
bxc4 Qc7 27.
a4 Nf5 28.
Bxf5 exf5 29. Rd2 Re7 30. Qd3 f4 31. g4 Bg5 32. Rd1 f3 33. Qxf3 Qxc4 34. d5 Re4 35. d6 Rxg4+ 36. Kh2 Rf4 37. Qd5 Rh4+ 38. Kg2 Qg4+ 39.
Kf1 Rh3 40. Rd3 Rh2 41. d7 Bd8 42. Qe5 Rh1# 0-1

[Site "Europe Echecs"]

[Event "Championnat d'Europe de Blitz"]
[Date "2024.12.09"]
[White "Saraci, Nderim"]
[Black "Grodotzki, Kenneth"]
[WhiteElo "2431"]
[BlackElo "2002"]
[Round "1.43"]
[Result "1-0"]
[TimeControl "180+2"]

1. Nf3 f5 2.
d4 Nf6 3.
Nc3 g6 4. g3 Bg7 5. Bg2 O-O 6. O-O d6 7. Re1 Ne4 8. Bf4 Qe8 9. h4 c6 10. Qc1 Nd7 11. Bh6 Nxc3 12.
bxc3 e5 13.
Bxg7 Kxg7 14. dxe5 dxe5 15. Qd2 Nf6 16. Rad1 Ne4 17. Qe3 Qe7 18. a4 Qf6 19. a5 a6 20. Ng5 Nxg5 21. hxg5 Qe7 22. f4 e4 23. Qd4+ Kg8 24. Qd6 Qf7 25. Qc5 Be6 26. Rd6 Rfd8 27. Red1 Rxd6 28.
Qxd6 Re8 29.
e3 Bc4 30.
Rd4 Bb5 31. g4 Qe7 32. gxf5 Qxd6 33. Rxd6 gxf5 34. Rf6 Rf8 35. Rxf8+ Kxf8 36. Bh3 Ba4 37. Bxf5 Bxc2 38. Bxh7 Kg7 39. Bf5 Bd3 40. Bc8 c5 41. Bxb7 Kg6 42. Kf2 1-0

[Site "Europe Echecs"]

[Event "Championnat d'Europe de Blitz"]
[Date "2024.12.09"]
[White "Martinkus, Rolandas"]
[Black "Paichadze, Luka"]
[WhiteElo "1961"]
[BlackElo "2532"]
[Round "1.44"]
[Result "0-1"]
[TimeControl "180+2"]

1. Nf3 Nf6 2. c4 e6 3. g3 a6 4. Bg2 b5 5. b3 Bb7 6. O-O c5 7. Bb2 Be7 8. Nc3 Qb6 9. Rc1 Nc6 10. d3 O-O 11. e4 d6 12. Re1 b4 13. Nb1 e5 14. Nbd2 a5 15. Nf1 a4 16. Ne3 axb3 17. axb3 Ra2 18. Rb1 Re8 19. Nd5 Nxd5 20. cxd5 Na5 21. Nd2 Bg5 22. f4 exf4 23. Qg4 Rxb2 24. Rxb2 Bf6 25. e5 Bxe5 26. Ne4 Kf8 27. Rbe2 c4+ 28. d4 Qxd4+ 29. Kh1 f3 30. Qxf3 Bxd5 31. Qf5 g6 32. Qd7 Be6 33. Qa4 Nxb3 34. Qxb4 c3 35. Qxd4 Nxd4 0-1

[Site "Europe Echecs"]

[Event "Championnat d'Europe de Blitz"]
[Date "2024.12.09"]
[White "Bernadskiy, Vitaliy"]
[Black "Nahkur, Madis"]
[WhiteElo "2546"]
[BlackElo "2119"]
[Round "1.45"]
[Result "1-0"]
[TimeControl "180+2"]

1. e4 e5 2. Nc3 Nc6 3. Bb5 Nf6 4. Nf3 d6 5. d4 exd4 6. Nxd4 Bd7 7. O-O Be7 8. Nxc6 Bxc6 9. Bxc6+ bxc6 10. Qf3 O-O 11. e5 dxe5 12.
Qxc6 Rb8 13.
Rd1 Bd6 14.
b3 Qe8 15.
Qxe8 Rfxe8 16. Bg5 Re6 17. Bxf6 Rxf6 18. Ne4 Re6 19. Rd5 Be7 20. Rad1 h6 21. f3 g6 22. Kf1 Kg7 23. Rd7 Bb4 24. Rxc7 a5 25. Rdd7 Rf8 26. c3 Ba3 27. Ke2 g5 28. g4 Kg6 29.
Ng3 Rf6 30.
Rd5 Re6 31.
Rxa5 Bc1 32.
Rca7 Rd8 33.
Ne4 Bf4 34.
h3 Rc6 35.
R5a6 Rxa6 36. Rxa6+ Kg7 37. Nd6 Rd7 38.
Nf5+ Kh7 39. Rxh6+ Kg8 40. Rd6 Ra7 41. a4 Rc7 42. Kd3 Rb7 43. Rd8+ Kh7 44. b4 Rc7 45. a5 Rb7 46. a6 Rc7 47. b5 1-0

[Site "Europe Echecs"]

[Event "Championnat d'Europe de Blitz"]
[Date "2024.12.09"]
[White "Trajkovski, Mile"]
[Black "Kalezic, Blazo"]
[WhiteElo "1910"]
[BlackElo "2382"]
[Round "1.46"]
[Result "0-1"]
[TimeControl "180+2"]

1. e4 e6 2. Nf3 d5 3. Nc3 Nf6 4. e5 Nfd7 5. d4 c5 6. Bb5 Nc6 7. Bxc6 bxc6 8. O-O h6 9. Re1 Be7 10. Ne2 cxd4 11. Qxd4 c5 12. Qg4 g5 13. Ng3 Bb7 14. Nh5 Qb6 15. Ng7+ Kd8 16. a4 a5 17. Bd2 Kc7 18. c3 Qc6 19. b4 Nb6 20. b5 Qd7 0-1

[Site "Europe Echecs"]

[Event "Championnat d'Europe de Blitz"]
[Date "2024.12.09"]
[White "Pancevski, Filip"]
[Black "Dilji, Emell"]
[WhiteElo "2420"]
[BlackElo "1830"]
[Round "1.47"]
[Result "1-0"]
[TimeControl "180+2"]

1. e4 e5 2. Nf3 Nc6 3. Bc4 Nf6 4. d3 h6 5. a4 Bc5 6. c3 a5 7. O-O O-O 8. Nbd2 d6 9. h3 Be6 10. Re1 Bxc4 11. Nxc4 Re8 12. Qb3 Rb8 13. Qb5 Bb6 14. Nxb6 cxb6 15. Be3 d5 16. Bxb6 Qd7 17. Bxa5 dxe4 18. dxe4 Nxa5 19.
Qxa5 b6 20.
Qb5 Qc7 21.
Rad1 Rbd8 22. Rxd8 Rxd8 23. Qxe5 Qc4 24. Qb5 Qa2 25. Qxb6 Re8 26. Qb5 Re6 27. Nd4 Re7 28. Nf5 Re5 29. Qxe5 1-0

[Site "Europe Echecs"]

[Event "Championnat d'Europe de Blitz"]
[Date "2024.12.09"]
[White "Eftovski, Mateo"]
[Black "Gavrilescu, David"]
[WhiteElo "2029"]
[BlackElo "2549"]
[Round "1.48"]
[Result "0-1"]
[TimeControl "180+2"]

1. d4 d5 2. c4 e6 3. Nc3 Nf6 4. Bf4 Bb4 5. e3 O-O 6. Nf3 c5 7. Bd3 cxd4 8. exd4 dxc4 9. Bxc4 b6 10. O-O Bb7 11. a3 Bxc3 12. bxc3 Nc6 13. Bd3 Rc8 14. Qe2 h6 15. Bd2 Ne7 16. Ne5 Nf5 17. f4 Qd5 18. Rae1 Nd6 19. f5 exf5 20.
Bxf5 Nxf5 21. Rxf5 Ne4 22. Bxh6 gxh6 23. Ng4 Qe6 24. Qe3 Kg7 25. Qf4 Rxc3 26. Re5 Qg6 27. Ne3 Ng5 28. Nf5+ Kh7 29. R5e3 Nh3+ 30. Rxh3 Qxg2# 0-1

[Site "Europe Echecs"]

[Event "Championnat d'Europe de Blitz"]
[Date "2024.12.09"]
[White "Guliyev, Namig"]
[Black "Marttinen, Jussi"]
[WhiteElo "2484"]
[BlackElo "1946"]
[Round "1.49"]
[Result "1-0"]
[TimeControl "180+2"]

1. e4 c6 2. d4 d5 3. exd5 cxd5 4. Bd3 Nf6 5. c3 Bg4 6. Qb3 Qb6 7. Qxb6 axb6 8. Bf4 Nc6 9. Nd2 e6 10. Bc7 Be7 11. Bxb6 O-O 12. Bc7 Rfc8 13. Bg3 Rd8 14. Ngf3 Bd6 15. Bxd6 Rxd6 16. Ne5 Bf5 17. Bxf5 exf5 18. O-O Ne4 19. Nb3 Nxe5 20. dxe5 Re6 21. f3 Rxe5 22. fxe4 fxe4 23. Nd4 g6 24. Rf6 Rae8 25. Raf1 R8e7 26. g3 h5 27. a4 Kg7 28. Rb6 Rg5 29. a5 h4 30. Kg2 hxg3 31. hxg3 f5 32. Ne6+ Kh6 33. Nxg5 Kxg5 34. Rd6 Re5 35. Rd1 d4 36. R6xd4 Rxa5 37. Rb4 f4 38. Rxe4 1-0

[Site "Europe Echecs"]

[Event "Championnat d'Europe de Blitz"]
[Date "2024.12.09"]
[White "Chaerle, Josse"]
[Black "Samunenkov, Ihor"]
[WhiteElo "2024"]
[BlackElo "2543"]
[Round "1.50"]
[Result "0-1"]
[TimeControl "180+2"]

1. Nf3 d5 2. g3 Nf6 3. Bg2 e6 4. O-O Be7 5. d3 O-O 6. Nbd2 a5 7. e4 a4 8. a3 c5 9. Re1 Nc6 10. exd5 Nxd5 11. Nc4 Qc7 12. Nce5 Bd7 13. c4 Nf6 14. Bf4 Bd6 15. d4 cxd4 16. Nxd7 Nxd7 17. Nxd4 Nxd4 18. Qxd4 e5 19. Qd1 0-1

[Site "Europe Echecs"]

[Event "Championnat d'Europe de Blitz"]
[Date "2024.12.09"]
[White "Grigoriants, Sergey"]
[Black "Dema, Ramiz"]
[WhiteElo "2542"]
[BlackElo "2033"]
[Round "1.51"]
[Result "1-0"]
[TimeControl "180+2"]

1. e4 e6 2.
d4 d5 3. Nc3 Nf6 4. e5 Nfd7 5. f4 c5 6. Nf3 Nc6 7. Be3 Be7 8. Qd2 O-O 9. Be2 cxd4 10.
Nxd4 Nxd4 11. Bxd4 Bc5 12. O-O-O Bxd4 13. Qxd4 a6 14. h4 f5 15. g4 Kh8 16. gxf5 Rxf5 17. Bg4 Qf8 18. Bxf5 Qxf5 19. Kb1 b6 20. Ne2 Nc5 21. Ng3 Qf7 22. Rhf1 g6 23. h5 Ra7 24. hxg6 Qxg6 25. Rg1 Rg7 26. a3 a5 27. Ne2 Qf7 28. Rxg7 Qxg7 29. f5 exf5 30. Rg1 Ne6 31. Qxb6 Qxe5 32. Qc6 1-0

[Site "Europe Echecs"]

[Event "Championnat d'Europe de Blitz"]
[Date "2024.12.09"]
[White "Toncic, Danilo"]
[Black "Schneider, Ilja"]
[WhiteElo "1972"]
[BlackElo "2414"]
[Round "1.52"]
[Result "0-1"]
[TimeControl "180+2"]

1. b3 d5 2. Bb2 Bf5 3. Nf3 Nf6 4. d3 c6 5. Nbd2 Nbd7 6. g3 e6 7. Bg2 h6 8. O-O Bd6 9. Qe1 Bh7 10. e4 dxe4 11. Nxe4 Be7 12. Rd1 O-O 13. Ne5 Qb6 14. Nc4 Qc7 15. a4 Rfd8 16. Qe2 Nd5 17. Kh1 N7f6 18. Ncd2 Qa5 19. Nc4 Qc7 20. Ncd2 Rd7 21. f4 Bf5 22. Nc4 Bg4 23. Bf3 Bxf3+ 24. Rxf3 Rdd8 25.
Rdf1 a5 26.
Be5 Qd7 27.
Kg2 b5 28.
Nb2 Ba3 29.
h3 Bxb2 30.
Bxb2 Nxe4 31. Qxe4 Nb4 32. Qe2 bxa4 33. bxa4 Rab8 34. Bc3 Qd5 35. Kh2 Qa2 36. R3f2 Qxa4 37. f5 e5 38. Bxe5 Re8 39. f6 g6 40. d4 c5 41. c3 Nd5 42. Qf3 Rbd8 43. h4 cxd4 44. cxd4 Qd7 45. h5 g5 46. Ra2 a4 47. Rfa1 Ra8 48. Qd1 Nc3 49. Qc2 Nxa2 50. Rxa2 a3 51. Qf2 Qd5 52. Kh3 Qe6+ 53. Kh2 Qg4 54. Qd2 Qxh5+ 55.
Kg2 Qg4 56. Ra1 Qe4+ 57. Kh2 Rac8 58. Ra2 Qf3 59. Rxa3 Qxa3 60. Qe2 Rb8 61. Qh5 Qa2+ 62. Kh3 Qe6+ 63. g4 Rb3+ 64.
Bg3 Rxg3+ 65. Kxg3 Qe3+ 66. Kh2 Qf2+ 67. Kh3 Re3# 0-1

[Site "Europe Echecs"]

[Event "Championnat d'Europe de Blitz"]
[Date "2024.12.09"]
[White "Marques, Ricardo Taborda Trigo"]
[Black "Costachi, Mihnea"]
[WhiteElo "2001"]
[BlackElo "2464"]
[Round "1.54"]
[Result "0-1"]
[TimeControl "180+2"]

1. d4 Nf6 2. c4 g6 3. Nc3 Bg7 4. e4 d6 5. Nf3 O-O 6. Be2 Na6 7. Be3 e5 8. d5 Nc5 9. Nd2 a5 10. g4 Nfd7 11. Qc2 Nb6 12.
O-O-O c6 13.
h4 cxd5 14.
exd5 f5 15.
Bxc5 dxc5 16. gxf5 gxf5 17. Kb1 Kh8 18. Nf3 a4 19. Ng5 a3 20. b3 Qf6 21. Rc1 e4 22. Qd2 Bd7 23. Qf4 Nc8 24. f3 e3 25. Qxe3 Nd6 26. Bd3 b5 27. Ne6 bxc4 28. Nxf8 Rxf8 29. Bxc4 Nxc4 30. bxc4 f4 31. Qe1 Re8 32. Qg1 Rb8+ 33. Ka1 Qxc3+ 0-1

[Site "Europe Echecs"]

[Event "Championnat d'Europe de Blitz"]
[Date "2024.12.09"]
[White "Meyer, Falko"]
[Black "Sarana, Alexey"]
[WhiteElo "2215"]
[BlackElo "2674"]
[Round "2.1"]
[Result "0-1"]
[TimeControl "180+2"]

1. d4 Nf6 2.
Nc3 d5 3. Bg5 e6 4. e4 dxe4 5. Nxe4 Bd7 6. Nf3 Bc6 7. Bd3 Nbd7 8. c3 Be7 9. Nxf6+ Bxf6 10. Bxf6 Qxf6 11. Qe2 Bxf3 12. Qxf3 Qxf3 13. gxf3 Nf6 14. Rg1 g6 15. O-O-O Ke7 16. Be4 c6 17. Kc2 a5 18. a4 Rhd8 19. b3 Nh5 20. Kd2 f5 21. Bc2 Nf4 22. Ke3 Nd5+ 23. Kd3 Kf6 24. c4 Nf4+ 25. Ke3 e5 26. dxe5+ Kxe5 27. Rb1 Rd4 28. Rbd1 Rad8 29. Rxd4 Rxd4 30. Bb1 c5 31. Bc2 b6 32. Bb1 Ne6 33. Bc2 Rh4 0-1

[Site "Europe Echecs"]

[Event "Championnat d'Europe de Blitz"]
[Date "2024.12.09"]
[White "Navara, David"]
[Black "Ghimpu, Samuel-Timotei"]
[WhiteElo "2665"]
[BlackElo "2475"]
[Round "2.2"]
[Result "1/2-1/2"]
[TimeControl "180+2"]

1. d4 Nf6 2. c4 e6 3. Nc3 d5 4. cxd5 Nxd5 5. e3 c5 6. Bd3 cxd4 7. exd4 Nxc3 8. bxc3 Qc7 9. Bd2 b6 10. Qg4 Nd7 11. Nf3 Bb7 12. O-O h5 13. Qh3 Be7 14. Rfe1 O-O-O 15. Ng5 Bxg5 16. Bxg5 Rde8 17. a4 Kb8 18. a5 e5 19. axb6 axb6 20. Bf5 Nf6 21. Qh4 Nd5 22. dxe5 Rxe5 23. Rxe5 Qxe5 24. Qg3 Qxg3 25. hxg3 g6 26. Bd7 f6 27. Bd2 Rd8 28. Bb5 Nc7 29. Bf4 g5 30. Bxc7+ Kxc7 31. f3 Rd2 32. Re1 g4 33. Re7+ Kc8 34.
Re8+ Kc7 35. Re7+ Kc8 36. Rf7 gxf3 37. gxf3 Bxf3 38. Rxf6 Bb7 39. Kf1 Rc2 40. Rf8+ Kc7 41. Rf7+ Kc8 42. c4 Rc3 43. Kf2 Rc2+ 44. Ke3 Rc3+ 45. Kd4 Rxg3 46. Bd7+ Kb8 47. Ke5 Re3+ 48. Kd6 Rd3+ 49. Ke5 h4 50. Rh7 Re3+ 51. Kd6 Rd3+ 52. Ke5 Re3+ 53. Kd4 Re4+ 54. Kc3 Rf4 55. Kb4 Ba6 56. Be6 Re4 57. Bd5 Rf4 58. Rh6 Kc7 59. Rc6+ Kd7 60. Rxb6 Bxc4 61. Bxc4 Ke7 62. Rh6 Rg4 63. Kc5 Rg5+ 64. Bd5 Rg4 65. Re6+ Kf8 66. Kd6 Kg7 67. Be4 h3 68. Re7+ Kf6 69. Re6 Kg5 70. Re8 Kf4 71. Kd5 Rh4 72. Rf8+ Ke3 73. Rf3+ Ke2 74. Ra3 h2 75. Bh1 Kf2 76. Ke5 Kg1 77. Ra1+ Kf2 78. Kf5 Rh8 79. Be4 Rf8+ 80. Kg4 Rg8+ 81. Kf4 Rf8+ 82. Bf5 Rxf5+ 83. Kxf5 Kg2 84. Kg4 h1=Q 85. Ra2+ Kg1 86. Ra1+ Kg2 87. Rxh1 Kxh1 1/2-1/2

[Site "Europe Echecs"]

[Event "Championnat d'Europe de Blitz"]
[Date "2024.12.09"]
[White "Tweedie, Steven"]
[Black "Fedoseev, Vladimir"]
[WhiteElo "2172"]
[BlackElo "2709"]
[Round "2.3"]
[Result "0-1"]
[TimeControl "180+2"]

1. e4 c5 2.
Nc3 Nc6 3.
g3 g6 4. Bg2 Bg7 5. d3 Rb8 6. Be3 d6 7. Qd2 b5 8. f4 b4 9. Nd1 Bd7 10. Nf3 Nf6 11. h3 O-O 12. O-O c4 13. g4 Qa5 14. Nf2 Ne8 15. d4 c3 16. bxc3 bxc3 17. Qc1 Nc7 18. f5 Nb5 19. Rd1 Qa3 20. Bf1 Qxc1 21. Raxc1 Nb4 22. Bc4 Na3 23. Bb3 a5 24. Nd3 a4 25. Nxb4 axb3 26. cxb3 Rxb4 27. Rxc3 Rb7 28. fxg6 0-1

[Site "Europe Echecs"]

[Event "Championnat d'Europe de Blitz"]
[Date "2024.12.09"]
[White "Korobov, Anton"]
[Black "Tsolakidou, Stavroula"]
[WhiteElo "2629"]
[BlackElo "2451"]
[Round "2.4"]
[Result "1-0"]
[TimeControl "180+2"]

1. c4 Nf6 2.
Nc3 e5 3. Nf3 e4 4. Ng5 c6 5. Qa4 Qe7 6. Qc2 b5 7. cxb5 d5 8. e3 h6 9. Nh3 Bxh3 10. gxh3 c5 11. b3 Nbd7 12. Bb2 Ne5 13. O-O-O g6 14. b6 Bg7 15. Nxd5 Nxd5 16. Qxe4 Nxb6 17. f4 f5 18. Qg2 Ned7 19.
Qxg6+ Kf8 20. Qxf5+ Qf7 21. Bxg7+ Kxg7 22. Rg1+ Kf8 23. Qxf7+ Kxf7 24. a4 a5 25. Bb5 Nf6 26. Rg2 Rhg8 27. Rdg1 Rxg2 28. Rxg2 Rg8 29. Rxg8 Kxg8 30. Kc2 Kf7 31. Kd3 Ke6 32. e4 h5 33. Ke3 h4 34. d4 cxd4+ 35. Kxd4 Nbd7 36. e5 Nh5 37. f5+ Ke7 38. f6+ Kd8 39. Ke4 Nc5+ 40. Kf5 Nxb3 41. Ke4 1-0

[Site "Europe Echecs"]

[Event "Championnat d'Europe de Blitz"]
[Date "2024.12.09"]
[White "Zhukovskyi, Myhaylo"]
[Black "Safarli, Eltaj"]
[WhiteElo "2189"]
[BlackElo "2610"]
[Round "2.5"]
[Result "1-0"]
[TimeControl "180+2"]

1. Nf3 Nf6 2. g3 g6 3. Bg2 Bg7 4. O-O O-O 5. d4 d5 6. c4 c6 7. a4 a5 8. cxd5 Nxd5 9. e4 Nb4 10. Nc3 Bg4 11. Be3 Nd7 12. h3 Bxf3 13. Bxf3 e6 14. Qd2 Qe7 15. e5 Nb6 16. Be2 Rad8 17. Qc1 f6 18. exf6 Bxf6 19. Rd1 Qg7 20. Bh6 Qd7 21. Bxf8 Rxf8 22. Ne4 Bg7 23. Bg4 Qf7 24. Qd2 Qe7 25. Qe2 h5 26. Bf3 N6d5 27. Bg2 b6 28. Rac1 Bh6 29. Rb1 Kh7 30. Re1 h4 31. Nc3 hxg3 32. fxg3 Be3+ 33.
Kh1 Rf2 34.
Qg4 Nc2 35.
Rf1 Bxd4 36.
Rxf2 Bxf2 37. Qe2 Nxc3 38. bxc3 Na3 39. Rf1 Bxg3 40. Qg4 Be5 41. Be4 Qg7 42. Qh5+ Kg8 43. Bxg6 Bf6 44. Be4 Kf8 45. Rg1 Qf7 46. Qh6+ Ke7 47. Rf1 Nc4 48. Bg6 Qg7 49. Qxg7+ Bxg7 50. Rf7+ Kd6 51. Rxg7 b5 52.
axb5 cxb5 53. Bd3 Ne5 54. Bxb5 Kc5 55. Rg5 Kd6 56. h4 Nf3 57. Rg4 Ne5 58. Re4 Nf7 59. Bc4 Ne5 60. h5 a4 61. Ba2 a3 62. Ra4 Ke7 63. Ra6 Ng4 64. Rxe6+ Kf8 65. h6 Kf7 66. Re4+ 1-0

[Site "Europe Echecs"]

[Event "Championnat d'Europe de Blitz"]
[Date "2024.12.09"]
[White "Deac, Bogdan-Daniel"]
[Black "Reprintsev, Alexander"]
[WhiteElo "2696"]
[BlackElo "2230"]
[Round "2.6"]
[Result "1-0"]
[TimeControl "180+2"]

1. Nf3 Nc6 2. d4 d5 3. Bf4 Bg4 4. e3 e6 5. c4 Bd6 6. Bg3 Nf6 7. Nc3 O-O 8. Rc1 Ne7 9. Be2 c6 10. Qc2 Nf5 11. Bd3 Nxg3 12. hxg3 h6 13. Ne5 Bxe5 14. dxe5 dxc4 15. Bxc4 Nd5 16. O-O Nxc3 17. Qxc3 Qb6 18. f3 Bf5 19. Rfd1 Rad8 20. Kf2 a5 21. a3 Bg6 22. Be2 Rd5 23. Bc4 Rdd8 24. Rd6 Rxd6 25. exd6 Rd8 26. Rd1 c5 27. Qd2 Qc6 28. Qxa5 Rxd6 29. Bb5 Qb6 30. Qxb6 Rxb6 31. a4 Bc2 32. Rc1 Bxa4 33. Bxa4 Rxb2+ 34. Rc2 Rb4 35. Ra2 b5 36. Bc2 c4 37. Ke2 g6 38. Kd2 c3+ 39. Kxc3 Rc4+ 40. Kd2 h5 41. Rb2 h4 42. gxh4 Rxh4 43. Bd3 b4 44. Ke2 f5 45. e4 1-0

[Site "Europe Echecs"]

[Event "Championnat d'Europe de Blitz"]
[Date "2024.12.09"]
[White "Kusiak, Matej"]
[Black "Mamedov, Rauf"]
[WhiteElo "2227"]
[BlackElo "2656"]
[Round "2.7"]
[Result "0-1"]
[TimeControl "180+2"]

1. e4 c5 2. Nf3 Nc6 3. d4 cxd4 4. Nxd4 g6 5. c4 Bg7 6. Be3 Qb6 7. Nb5 Qa5+ 8. N5c3 Nf6 9. f3 O-O 10. Be2 d6 11. O-O Be6 12. Nd2 Rfc8 13. Rc1 Ne5 14. b3 a6 15. Nd5 Bxd5 16. exd5 Qxa2 17. Ra1 Qb2 18. h3 Qc3 19. Bf2 Nd3 20. Bxd3 Qxd3 21. Ra2 Qf5 22. Re1 Re8 23. Ne4 Nxe4 24. Rxe4 Bf6 25. b4 Rac8 26. c5 Red8 27. g4 Qd7 28. Rd2 a5 29. c6 bxc6 30.
bxa5 c5 31. Ra2 Ra8 32. a6 Ra7 33. Rea4 Rda8 34. Qd3 Rb8 35. Kg2 Rb6 36. h4 e6 37. dxe6 Qxe6 38. Re2 Qd7 39. Rea2 Be5 40. Qd5 Qe6 41. Qe4 d5 42. Qd3 d4 43. Qe4 Bf6 44. Qc2 Rbxa6 45. Rxa6 Rxa6 46. Rxa6 Qxa6 47. Qxc5 Qe2 48. g5 Bg7 49. Qd5 d3 50. Qd8+ Bf8 51.
Kg3 d2 52. Bc5 Qe5+ 53. f4 Qxc5 54. Qxd2 Qf5 55. Qe3 h5 56. gxh6 Bxh6 57. Qd4 Bg7 58. Qd6 Bf6 59. Qb8+ Kg7 60. Qd6 Qh5 0-1

[Site "Europe Echecs"]